 Dungeon Crawl Stone Soup version 0.16-a0-3055-gf5291b4 (webtiles) character file.

23 RobertPalmer the Bolt Thrower (level 3, -1/20 HPs)
             Began as a Tengu Arcane Marksman on Dec 9, 2014.
             Slain by an adder (3 damage)
             ... on level 2 of the Dungeon.
             The game lasted 00:02:12 (1363 turns).

RobertPalmer the Bolt Thrower (TeAM)                Turns: 1363, Time: 00:02:13

Health: -1/20      AC:  2    Str: 11    XL:     3   Next: 0%
Magic:  5/5        EV: 12    Int: 18    God:
Gold:   24         SH:  0    Dex: 14    Spells: 1 memorised, 3 levels left

rFire  . . .     SeeInvis .     b - +0 hand crossbow
rCold  . . .     Clarity  .     a - +0 robe
rNeg   . . .     SustAb   .     (no shield)
rPois  .         Gourm    .     (helmet restricted)
rElec  .         Spirit   .     (no cloak)
rCorr  .         Warding  .     (no gloves)
rMut   .         Stasis   .     (boots unavailable)
MR     .....                    (no amulet)
Stlth  +.........               (no ring)
                                (no ring)

@: brilliant, not resistant to hostile enchantments, very unstealthy
A: beak, talons 3
a: no special abilities


You were on level 2 of the Dungeon.
You were very hungry.

You visited 1 branch of the dungeon, and saw 2 of its levels.

You collected 24 gold pieces.


Innate Abilities, Weirdness & Mutations

You have a beak for a mouth.
You have claws for feet.


   Skills:
 - Level 1.0 Fighting
 - Level 3.1 Crossbows
 - Level 2.1 Dodging
 + Level 1.6 Unarmed Combat
 - Level 1.0 Spellcasting
 - Level 2.1 Hexes


You had 3 spell levels left.
You knew the following spells:

 Your Spells              Type           Power        Failure   Level  Hunger
Z - Corona                Hex            ###....      1%          1    ##.....

Inventory:

Hand weapons
 b - a +0 hand crossbow (weapon)
Missiles
 c - 10 bolts (quivered)
 k - 14 bolts of flame
Armour
 a - a +0 robe (worn)
Jewellery
 e - an uncursed ring of wizardry {unknown}
Scrolls
 i - 2 scrolls of identify {unknown}
 l - a scroll of remove curse {unknown}
Books
 d - a book of Debilitation
Comestibles
 f - 3 bread rations

Dungeon Overview and Level Annotations

Branches:
Dungeon (2/15)

Altars:
Cheibriados

..### #.# #...## #.#
#....# #.# .._.# #.# #...
#.# ########### #..# #.#
..........# #..# #.#
..........#####.#######.#
......(.....(SQ..........#
######......###..########
#......# ##..#
#.............# #..#
....>...##+#### ##.##
........# ..... #..#
........# .......#..#
.......# .........>#
......# .....<.####


You could see an adder.


Message History

Drink which item? (? for menu, Esc to quit)
It was a potion of magic.
Magic courses through your body. The giant gecko misses you.
Drink which item? (? for menu, Esc to quit)
It was a potion of curing.
You feel better. The giant gecko bites you.
* * * LOW HITPOINT WARNING * * *
Firing (i - inventory. (,) - cycle):
c - 13 bolts (quivered)
Aim: an adder You shoot a bolt.
The bolt barely misses the giant gecko.
The bolt hits the adder but does no damage.
The giant gecko bites you.
* * * LOW HITPOINT WARNING * * *
The giant gecko bites you.
* * * LOW HITPOINT WARNING * * *
Firing (i - inventory. (,) - cycle):
c - 12 bolts (quivered)
Aim: an adder You shoot a bolt.
The bolt misses the giant gecko.
The bolt hits the adder.
The adder is moderately wounded.
The giant gecko bites you but does no damage.
Firing (i - inventory. (,) - cycle):
c - 11 bolts (quivered)
Aim: an adder (moderately wounded)
You shoot a bolt. The bolt hits the giant gecko.
You kill the giant gecko!
You have reached level 3!
Your experience leads to an increase in your attributes!
Your base attributes are Str 11, Int 13, Dex 13.
Increase (S)trength, (I)ntelligence, or (D)exterity?
You feel agile. The adder bites you.
You die...

Action                   || total
-------------------------++-------
Melee: Unarmed           ||    20
 Fire: Hand crossbow     ||    35
  Use: Potion            ||     3

Vault maps used:
D:1:      saegor_arrival_simple_f
D:2:      st_stairs_1, cheibriados_altar_1

Notes
Turn   | Place    | Note
--------------------------------------------------------------
     0 | D:1      | RobertPalmer, the Tengu Arcane Marksman, began the quest for the Orb.
     0 | D:1      | Reached XP level 1. HP: 12/12 MP: 2/2
   292 | D:1      | Reached skill level 3 in Crossbows
   292 | D:1      | Reached XP level 2. HP: 16/16 MP: 4/4
   720 | D:1      | Reached skill level 1 in Unarmed Combat
  1313 | D:2      | Found a snail-covered altar of Cheibriados.
  1357 | D:2      | HP: 1/16 [giant gecko (2)]
  1363 | D:2      | Reached XP level 3. HP: 2/20 MP: 5/5
  1363 | D:2      | Slain by an adder

Vanquished Creatures
  A giant gecko (D:2)
  A giant cockroach (D:1)
  3 hobgoblins (D:1)
  2 jackals (D:2)
  An ooze (D:1)
  2 ball pythons
  A giant newt (D:1)
  7 goblins (D:1)
  3 kobolds (D:1)
  2 rats (D:1)
23 creatures vanquished.
